 Dungeon Crawl Stone Soup version 0.21.1 (webtiles) character file.

64 Jerry the Chopper (level 3, -3/29 HPs)
             Began as a Demonspawn Chaos Knight on Feb 2, 2018.
             Slain by a black bear (5 damage)
             ... on level 2 of the Dungeon.
             The game lasted 00:05:29 (910 turns).

Jerry the Chopper (Demonspawn Chaos Knight)          Turns: 910, Time: 00:05:29

Health: -3/29      AC:  5    Str: 13    XL:     3   Next: 91%
Magic:  3/3        EV: 11    Int: 13    God:    Xom [....*.]
Gold:   103        SH:  0    Dex: 12    Spells: 2/2 levels left

rFire    . . .     SeeInvis .   a - +0 hand axe (chaos)
rCold    . . .     Gourm    .   (no shield)
rNeg     . . .     Faith    .   b - +2 leather armour
rPois    .         Spirit   .   (helmet restricted)
rElec    .         Reflect  .   (no cloak)
rCorr    .         Harm     .   (no gloves)
MR       .....                  (no boots)
Stlth    +.........             (no amulet)
HPRegen  0.09/turn              (no ring)
MPRegen  0.08/turn              (no ring)

@: no status effects
A: antennae 1, spiny 1
a: Renounce Religion


You were on level 2 of the Dungeon.
You worshipped Xom.
You were a beloved toy of Xom.
You were not hungry.

You visited 1 branch of the dungeon, and saw 2 of its levels.

You collected 103 gold pieces.

Inventory:

Hand Weapons
 a - a +0 hand axe of chaos (weapon)
Armour
 b - a +2 leather armour (worn)
Scrolls
 e - 2 scrolls of teleportation
 f - a scroll of identify {unknown}
 h - a scroll of blinking {unknown}
Comestibles
 c - 2 rations
 d - 5 chunks of flesh


   Skills:
 + Level 3.4 Fighting
 * Level 3.5 Axes
 + Level 2.3 Armour
 + Level 1.6 Dodging


You had 2 spell levels left.
You didn't know any spells.

Dungeon Overview and Level Annotations

Branches:
Dungeon (2/15)

Altars:


Innate Abilities, Weirdness & Mutations

You have a pair of small antennae on your head.
You are partially covered in sharp spines.


Message History

The black bear misses you. The black bear closely misses you.
You are now a beloved toy of Xom.
You see here a chain mail.
The black bear is struck by your spines.
The black bear closely misses you.
The black bear claws you but does no damage. x2
You hit the black bear.
The black bear is heavily wounded.
The black bear is struck by your spines.
The black bear closely misses you. x2; The black bear barely misses you.
You hit the black bear. You burn the black bear.
The black bear is severely wounded.
The black bear goes berserk!
You hit the black bear but do no damage.
The black bear briefly looks sick.
The black bear is severely wounded.
The black bear barely misses you. x2; The black bear closely misses you.
The black bear bites you.
You die...
Xom howls with laughter!

##..........# #.#
............# #.# .
####........#.#.# .##
#.......[.....#.# ..#
#.##.......####.##
#.# # #.#...........#
#.# #.#.#######..##
#.######### #.#. ##h#
##.......... #. #@##
##..####....# #.
##.###.#......##.#
##.#.##......#..#
#..)####....#..#
...............#.#.##
######...#####.#.#.##
#.#.# #.#.#.## .###.
#.#.#.## .# #.
#.#.#.##


You could see a black bear (berserk).

Vanquished Creatures
  An adder (D:2)
  A worm (D:2)
  2 dart slugs (D:1)
  2 leopard geckos (D:1)
  5 bats
  4 goblins
  3 hobgoblins (D:1)
  8 jackals (D:1)
  4 kobolds (D:1)
  A ball python (D:1)
  5 frilled lizards (D:1)
  8 rats
44 creatures vanquished.

Vanquished Creatures (others)
  A goblin (D:2)
1 creature vanquished.

Grand Total: 45 creatures vanquished

Notes
Turn   | Place    | Note
-------+----------+-------------------------------------------
     0 | D:1      | Jerry the Demonspawn Chaos Knight began the quest for the Orb.
     0 | D:1      | Reached XP level 1. HP: 18/18 MP: 1/1
    21 | D:1      | Reached skill level 1 in Dodging
    34 | D:1      | XOM: harmless Pois miscast
    53 | D:1      | XOM: potion effect (invisibility)
    56 | D:1      | Gained mutation: You have a pair of small antennae on your head. [demonic ancestry]
    56 | D:1      | Reached XP level 2. HP: 12/24 MP: 2/2
   174 | D:1      | XOM: silly message
   187 | D:1      | XOM: harmless Necr miscast
   427 | D:1      | Gained mutation: You are partially covered in sharp spines. [demonic ancestry]
   427 | D:1      | Reached XP level 3. HP: 28/29 MP: 3/3
   841 | D:2      | XOM: butterfly on damage
   879 | D:2      | Noticed a black bear
   890 | D:2      | XOM: smoke on damage
   895 | D:2      | HP: 1/29 [black bear (2)]
   910 | D:2      | Slain by a black bear

Skill      XL: |  1  2 |
---------------+-------+-----
Dodging        | 1 |  1.6
Axes           | 3 |  3.5
Armour         | 2 |  2.3
Fighting       | |  3.4

Action                   || total
-------------------------++-------
Melee: Hand axe          ||   101
  Use: Scroll            ||     2
       Potion            ||     1
 Stab: Invisible         ||     4
Armor: Leather armour    ||    36
Dodge: Dodged            ||    85
